 Dungeon Crawl Stone Soup version 0.31.0-32-g396128a36d (webtiles) character file.

Game seed: 10892440040467892561

176 Quickbrownfox the Changeling (level 5, -2/35 HPs)
             Began as an Octopode Shapeshifter on Apr 12, 2024.
             Slain by a gnoll
             ... wielding a +0 spear
              (7 damage)
             ... on level 2 of the Dungeon.
             The game lasted 00:01:53 (1455 turns).

Quickbrownfox the Changeling (OpSh)                 Turns: 1455, Time: 00:01:54

Health: -2/35      AC:  1    Str: 15    XL:     5   Next: 56%
Magic:  5/5        EV: 13    Int: 13    God:
Gold:   124        SH:  0    Dex: 11    Spells: 4/4 levels left

rFire   . . .        g - +2 flail (drain)
rCold   . . .        (no shield)
rNeg    . . .        (helmet currently unavailable)
rPois   .            (no amulet)
rElec   .            e - ring of willpower
rCorr   .            (no ring)
SInv    .            (no ring)
Will    +....        (no ring)
Stlth   +++          (no ring)
HPRegen 0.25/turn    (no ring)
MPRegen 0.09/turn    (no ring)
                     (no ring)

%: no passive effects
@: beast-form
A: beast (slay +2), almost no armour, amphibious, 8 rings, camouflage 1,
gelatinous body 1, nimble swimmer 1, tentacles
a: Begin Untransformation


You were on level 2 of the Dungeon.
You were a hulking beast.
You visited 1 branch of the dungeon, and saw 2 of its levels.

You collected 124 gold pieces.

Inventory:

Hand Weapons
 g - a +2 flail of draining (weapon)
Jewellery
 e - a ring of willpower (left tentacle)
Talismans
 b - a beast talisman
 c - a flux talisman
Scrolls
 f - a scroll of teleportation {unknown}
 h - 2 scrolls of revelation {unknown}
Potions
 a - a potion of lignification
 i - a potion of enlightenment {unknown}


   Skills:
 + Level 2.6 Fighting
 + Level 0.5 Maces & Flails
 + Level 3.2 Dodging
 - Level 3.5 Unarmed Combat
 * Level 4.0 Shapeshifting


You had 4 spell levels left.
You didn't know any spells.
Your spell library was empty.

Dungeon Overview and Level Annotations

Branches:
Dungeon (2/15)

Altars:

Annotations:
D:2 1 runed translucent door, Crazy Yiuf


Innate Abilities, Weirdness & Mutations

You are a hulking beast.
Your limbs bulge with bestial killing power. (Slay +2)
You cannot wear most types of armour.
You are amphibious.
You can wear up to eight rings at the same time.
Your skin changes colour to match your surroundings (Stealth+).
Your rubbery body absorbs attacks. (AC +1, EV +1)
You are camouflaged when in or above water. (Stealth+)
You have tentacles for arms and can constrict up to eight enemies at once.


Message History

There is an open door here.
The gnoll shouts!
The gnoll hits you from afar with a +0 spear!
The gnoll barely misses you.
You barely miss the gnoll. You grab the gnoll. You squeeze the gnoll!
The gnoll is severely wounded.
You constrict the gnoll, but do no damage.
The gnoll hits you with a +0 spear! The gnoll closely misses you. x2
The gnoll hits you with a +0 spear. The gnoll misses you.
You are too injured to fight recklessly!
Unknown command.
You release your grip on the gnoll.
The gnoll hits you from afar with a +0 spear.
It was a potion of curing.
You feel better.
The gnoll hits you from afar with a +0 spear.
There is an open door here.
There is an open door, spattered with blood here.
You enter the shallow water.
Okay, then.
You feel better.
The gnoll splashes around in the water.
The gnoll hits you with a +0 spear.
The gnoll hits you from afar with a +0 spear!
You thump the gnoll! You grab the gnoll. You squeeze the gnoll.
The gnoll is severely wounded.
You constrict the gnoll. The gnoll hits you with a +0 spear.
* * * LOW HITPOINT WARNING * * *
The gnoll hits you from afar with a +0 spear.
* * * LOW HITPOINT WARNING * * *
The gnoll struggles to escape constriction.
You thump the gnoll!
You kill the gnoll!
You hear a splash.
The gnoll closely misses you.
The gnoll hits you from afar with a +0 spear.
* * * LOW HITPOINT WARNING * * *
Unknown command.
The gnoll attacks as it pursues you!
The gnoll hits you from afar with a +0 spear!
You die...

#.# #.# #.# #.# ###.#
#####≈#.# .#
##...≈≈~.#######
#.###.....~~≈≈..≈..######
#.#........~~g≈h~......#
#...........###≈~≈#...###
#.#.......#g##
#.#.......#
##.....##.####.#.....#.#
#..........(..#.......#
#.....##g########....##
#.....#...## #....# #
######.....## ####.# .#.
##g......## ##.#.#


You could see a gnoll.

Vanquished Creatures
  Terence (D:2)
  Natasha (thrice) (D:2)
  3 adders (D:2)
  A gnoll (D:2)
  3 dart slugs
  4 ball pythons (D:1)
  A bat (D:1)
  An endoplasm (D:2)
  2 giant cockroaches
  5 goblins
  3 hobgoblins
  2 quokkas (D:2)
  3 frilled lizards
  A kobold (D:1)
  6 rats
39 creatures vanquished.

Notes
Turn   | Place    | Note
-------+----------+-------------------------------------------
     0 | D:1      | Quickbrownfox the Octopode Shapeshifter began the quest for
                  | the Orb.
     0 | D:1      | Reached XP level 1. HP: 13/13 MP: 1/1
   255 | D:1      | Reached XP level 2. HP: 8/18 MP: 2/2
   712 | D:2      | Reached XP level 3. HP: 23/23 MP: 3/3
   717 | D:2      | Noticed Natasha
   724 | D:2      | Killed Natasha
   725 | D:2      | Reached XP level 4. HP: 27/29 MP: 4/4
   792 | D:2      | Found a runed translucent door.
   793 | D:2      | Noticed Crazy Yiuf
  1109 | D:2      | Found a faded altar of an unknown god.
  1134 | D:2      | Noticed Terence
  1137 | D:2      | Noticed Natasha
  1140 | D:2      | Killed Terence
  1233 | D:2      | Killed Natasha
  1234 | D:2      | Reached XP level 5. HP: 35/35 MP: 5/5
  1387 | D:2      | Noticed Natasha
  1393 | D:2      | Killed Natasha
  1394 | D:2      | Reached skill level 4 in Shapeshifting
  1455 | D:2      | Slain by a gnoll

Illustrated notes

Levels and vault maps discovered:
D:1:      saegor_arrival_simple_b, layout_loops_ring
D:2:      layout_loops_corners, ebering_ecumenical_altar_box,
          chequers_serial_rivers_small_a, minmay_tall_x, uniq_natasha,
          uniq_crazy_yiuf_cottage, uniq_terence

Skill      XL: |  1  2  3  4  5 |
---------------+----------------+-----
Fighting       | 2 |  2.6
Dodging        | 3 |  3.2
Shapeshifting  | 4 |  4.0
Maces & Flails | |  0.5
Unarmed Combat | |  3.5

Action                     |  1- 3 |  4- 6 || total
---------------------------+-------+-------++-------
  Melee: Unarmed           |    44 |    10 ||    54
         Constrict         |    10 |    11 ||    21
         Punch             |     1 |       ||     1
         Tentacles         |     6 |     6 ||    12
         Flail             |       |    27 ||    27
    Use: Potion            |       |     2 ||     2
   Stab: Sleeping          |     4 |     6 ||    10
         Distracted        |       |     1 ||     1
 Armour: Skin              |    20 |    25 ||    45
  Dodge: Dodged            |    26 |    19 ||    45
